 Dungeon Crawl Stone Soup version 0.26-a0-1147-g3780a7a11b (webtiles) character file.

Game seed: 2917558043252105084

125 melloss the Magician (level 4, -1/25 HPs)
             Began as a Deep Elf Fire Elementalist on Dec 22, 2020.
             Killed from afar by an orc wizard (7 damage)
             ... with a magic dart
             ... on level 3 of the Dungeon.
             The game lasted 00:09:09 (3023 turns).

melloss the Magician (Deep Elf Fire Elementalist)   Turns: 3023, Time: 00:09:09

Health: -1/25      AC:  3    Str:  5    XL:     4   Next: 82%
Magic:  9/12       EV: 13    Int: 21    God:
Gold:   73         SH:  0    Dex: 15    Spells: 10/11 levels left

rFire    + . .     SeeInvis .   g - +0 dagger
rCold    + . .     Faith    .   (no shield)
rNeg     . . .     Spirit   .   i - +0 robe {rC+ rF+}
rPois    .         Reflect  .   (no helmet)
rElec    .         Harm     .   (no cloak)
rCorr    .         Rampage  .   l - +0 pair of gloves
Will     .....                  (no boots)
Stlth    ++........             (no amulet)
HPRegen  0.08/turn              (no ring)
MPRegen  0.13/turn              (no ring)

@: no status effects
A: no striking features
a: no special abilities


You were on level 3 of the Dungeon.
You visited 1 branch of the dungeon, and saw 3 of its levels.

You collected 73 gold pieces.

Inventory:

Hand Weapons
 g - a +0 dagger (weapon)
Missiles
 f - 35 poisoned darts
Armour
 i - a +0 robe of resistance (worn)
 l - a +0 pair of gloves (worn)
Jewellery
 b - an uncursed amulet of faith
Scrolls
 e - 2 scrolls of remove curse
 j - 2 scrolls of identify
 k - 2 scrolls of teleportation
 m - a scroll of fear {unknown}
Potions
 a - a potion of ambrosia {unknown}
 c - 2 potions of brilliance {unknown}
 d - 2 potions of magic
 h - a potion of flight {unknown}
 n - a potion of berserk rage {unknown}


   Skills:
 + Level 1.3 Fighting
 - Level 2.4 Dodging
 - Level 2.4 Stealth
 + Level 4.0 Spellcasting
 * Level 3.3 Conjurations
 + Level 4.0 Fire Magic


You had 10 spell levels left.
You knew the following spells:

 Your Spells              Type           Power        Failure   Level
a - Foxfire               Conj/Fire      76%          2%          1

Your spell library contained the following spells:

 Spells                   Type           Power        Failure   Level
 Conjure Flame            Conj/Fire      19%          8%          3
 Inner Flame              Hex/Fire       12%          16%         3
 Sticky Flame             Conj/Fire      19%          26%         4
 Fireball                 Conj/Fire      9%           58%         5


Dungeon Overview and Level Annotations

Branches:
Dungeon (3/15)

Altars:


Message History

The orc wizard is heavily wounded.
The foxfire hits the orc wizard but does no damage.
The orc wizard is heavily wounded.
The orc wizard hits you with a cursed +0 dagger.
The orc wizard hits you but does no damage.
You miss the orc wizard.
The orc wizard is heavily wounded.
The orc wizard closely misses you.
You barely miss the orc wizard.
The orc wizard is heavily wounded.
The orc wizard gestures at you while chanting.
The magic dart hits you.
You hit the orc wizard but do no damage.
The orc wizard is heavily wounded.
The orc wizard gestures at you while chanting.
The magic dart hits you.
* * * LOW HITPOINT WARNING * * *
The orc wizard gestures at you while chanting.
The magic dart hits you!
You die...

#.. #.######### .
###.........##.
.............
#.........#
###.###.[.......# ##
................♣♣♣♣♣§§≈
#.###..o.....≈♣≈≈≈≈♣♣♣
#....@..≈♣..♣≈≈≈≈≈)≈≈≈
#......≈≈≈............
#.....♣≈≈≈≈.≈≈≈≈≈≈≈≈≈≈
#....P≈≈P≈≈[)P≈≈≈≈≈≈≈≈
#.#+≈≈≈P≈≈≈)≈≈≈≈≈≈≈≈♣♣
#. P≈≈≈≈≈≈≈)≈≈≈♣♣♣♣#.. #
♣PP≈≈≈≈≈≈.≈≈♣♣ .
♣♣≈≈≈≈≈≈≈.≈≈♣
≈≈≈≈≈≈≈)≈≈♣♣


You could see an orc wizard.

Vanquished Creatures
  4 adders
  4 worms
  2 dart slugs
  6 leopard geckos
  11 orcs
  2 giant cockroaches
  6 goblins
  5 hobgoblins
  A ball python (D:2)
  5 bats
  4 frilled lizards
  7 kobolds
  4 rats
61 creatures vanquished.

Vanquished Creatures (others)
  185 foxfires
  14 plants (D:3)
  4 toadstools (D:1)
203 creatures vanquished.

Grand Total: 264 creatures vanquished

Notes
Turn   | Place    | Note
-------+----------+-------------------------------------------
     0 | D:1      | melloss the Deep Elf Fire Elementalist began the quest for
                  | the Orb.
     0 | D:1      | Reached XP level 1. HP: 10/10 MP: 6/6
    86 | D:1      | Reached XP level 2. HP: 14/15 MP: 2/8
   691 | D:2      | Reached XP level 3. HP: 16/20 MP: 5/9
  1212 | D:2      | Reached skill level 1 in Fighting
  1631 | D:2      | Reached XP level 4. HP: 25/25 MP: 7/11
  2078 | D:2      | Found a faded altar of an unknown god.
  3023 | D:3      | Killed from afar by an orc wizard

Illustrated notes

Levels and vault maps discovered:
D:1:      ldierk_walled_garden_2, layout_rooms
D:2:      layout_basic, chequers_ecumenical_altar_grove,
          minmay_misc_feat_secret_circle
D:3:      layout_basic, serial_bayou_lagoon_b

Skill      XL: |  1  2  3  4 |
---------------+-------------+-----
Conjurations   | 2 3 |  3.3
Fighting       | 1 |  1.3
Spellcasting   | 4 |  4.0
Fire Magic     | 4 |  4.0
Dodging        | |  2.4
Stealth        | |  2.4

Action                   |  1- 3 |  4- 6 || total
-------------------------+-------+-------++-------
Melee: Dagger            |     1 |    16 ||    17
 Cast: Foxfire           |    57 |    54 ||   111
  Use: Scroll            |     1 |     2 ||     3
 Stab: Sleeping          |       |     1 ||     1
Armor: Robe              |     3 |     2 ||     5
Dodge: Dodged            |    15 |    17 ||    32

Table legend: (Time is in decaauts)
 A = Elapsed time spent in this place.
 B = Non-inter-level travel time spent in this place.
 C = Inter-level travel time spent in this place.
 D = Time resting spent in this place.
 E = Time spent auto-exploring this place.
 F = Levels seen in this place.
 G = Mean time per level.
                   A        B        C        D        E       F      G
               +--------+--------+--------+--------+--------+-----+--------+
         Total |   3023 |   2990 |     33 |    743 |   1431 |   3 | 1007.7 |
       Dungeon |   3023 |   2990 |     33 |    743 |   1431 |   3 | 1007.7 |
               +--------+--------+--------+--------+--------+-----+--------+

Top non-repeatable levels by time:
     D:2: 1576 daAuts
     D:1: 966 daAuts
     D:3: 480 daAuts
